 Dungeon Crawl Stone Soup version 0.21-a0-525-ga34b322 (webtiles) character file.

51 Firecrotchwizard the Skirmisher (level 3, -6/60 HPs)
             Began as an Ogre Berserker on Dec 8, 2017.
             Was a Believer of Trog.
             Mangled by an orc wizard
             ... wielding a +0 hand axe
              (7 damage)
             ... on level 2 of the Dungeon.
             The game lasted 00:02:46 (1503 turns).

Firecrotchwizard the Skirmisher (Ogre Berserker)    Turns: 1503, Time: 00:02:47

Health: -6/60      AC:  3    Str: 26    XL:     3   Next: 83%
Magic:  3/3        EV: 10    Int:  8    God:    Trog [**....]
Gold:   110        SH:  0    Dex:  9    Spells: 2/2 levels left

rFire    . . .     SeeInvis .   s - +0 flail
rCold    . . .     Gourm    .   (no shield)
rNeg     + . .     Faith    .   b - +0 animal skin
rPois    .         Spirit   .   (helmet restricted)
rElec    .         Reflect  .   (no cloak)
rCorr    .         Harm     .   (gloves unavailable)
MR       .....                  (boots unavailable)
Stlth    ..........             (no amulet)
HPRegen  0.20/turn              m - ring of positive energy {rN+}
MPRegen  0.08/turn              (no ring)

@: berserking, very quick
A: large, unfitting armour, tough skin 1
a: Berserk, Trog's Hand, Burn Spellbooks, Renounce Religion


You were on level 2 of the Dungeon.
You worshipped Trog.
Trog was pleased with you.
You were hungry.

You visited 1 branch of the dungeon, and saw 2 of its levels.

You collected 110 gold pieces.

Inventory:

Hand Weapons
 a - a +0 mace
 s - a +0 flail (weapon)
   (You took it off an orc on level 2 of the Dungeon)
Armour
 b - a +0 animal skin (worn)
Jewellery
 m - a ring of positive energy (left hand) {rN+}
   (You found it on level 1 of the Dungeon)
Wands
 r - a wand of acid (8)
   (You found it on level 2 of the Dungeon)
Scrolls
 e - a scroll of remove curse {unknown}
 g - 4 scrolls of amnesia {unknown}
 h - 2 scrolls of identify {unknown}
 k - a scroll of random uselessness {unknown}
 p - a scroll of immolation {unknown}
Potions
 j - a potion of lignification {unknown}
 l - a potion of degeneration {unknown}
 n - a potion of brilliance {unknown}
 q - a potion of haste {unknown}
Comestibles
 c - a bread ration {@e1}
 d - 4 fruits
 f - 4 chunks of flesh {@w0}
 i - a meat ration {@e2}
 o - a royal jelly


   Skills:
 + Level 4.6 Fighting
 * Level 3.5 Maces & Flails
 + Level 3.1 Dodging


You had 2 spell levels left.
You didn't know any spells.

Dungeon Overview and Level Annotations

Branches:
Dungeon (2/15)

Altars:


Innate Abilities, Weirdness & Mutations

You are too large for most types of armour.
You have tough skin. (AC +1)


Message History

Trog accepts your kill.
You hear a shout!
You start resting.
You sock the orc!
You kill the orc!
Trog accepts your kill.
You can now call upon Trog for regeneration and protection from hostile enchantments.
You hit the rat.
You kill the rat!
Trog accepts your kill.
Things that are here:
a flail; an orc corpse You butcher the orc corpse.
Things that are here:
a flail; 2 chunks of flesh {@w0}
s - a flail The rat bites you.
You hit the rat.
You kill the rat!
Trog accepts your kill.
s - a +0 flail (weapon)
A hobgoblin comes into view. It is wielding a short sword.
You barely miss the hobgoblin.
The hobgoblin hits you with a short sword!
You take 7 damage, and have 30/40 hp.
You hit the hobgoblin. The hobgoblin closely misses you.
You hit the hobgoblin.
You kill the hobgoblin!
Trog accepts your kill.
No target in view!
You start resting.
An ooze comes into view.
An ooze is nearby!
f - 6 chunks of flesh {@w0} (gained 2)
There isn't anything here!
You start resting.
You start resting.
An orc comes into view. It is wielding a long sword.
You regained 5 hp, and now have 38/40 hp.
The orc shouts!
You hear a shout! x2; You hear an angry hiss.
You hit the orc but do no damage. The orc hits you with a long sword.
You take 4 damage, and have 34/40 hp.
You hit the orc.
The orc drinks a potion.
The orc is healed!
You barely miss the orc. The orc hits you with a long sword.
You take 2 damage, and have 32/40 hp.
You hit the orc but do no damage. The orc hits you with a long sword.
An orc wizard comes into view. It is wielding a hand axe.
You take 2 damage, and have 30/40 hp.
You hit the orc. The orc hits you but does no damage.
The orc wizard casts a spell.
The orc wizard seems to speed up.
You hit the orc.
You kill the orc!
Trog accepts your kill. The orc wizard closely misses you.
You sock the orc wizard!
The orc wizard hits you with a hand axe.
You take 1 damage, and have 29/40 hp.
You barely miss the orc wizard.
The orc wizard hits you with a hand axe!
The orc wizard hits you with a hand axe.
An orc comes into view. It is wielding a club.
You take 11 damage, and have 18/40 hp.
MASSIVE DAMAGE!!
You hit the orc wizard.
The orc wizard casts a spell.
The orc wizard blinks!
Some of the chunks of flesh in your inventory have rotted away.
The orc wizard hits you with a hand axe.
There is a stone staircase leading down here.
You take 1 damage, and have 18/40 hp.
You closely miss the orc wizard. The orc wizard closely misses you.
The orc barely misses you.
The orc wizard hits you with a hand axe.
You take 1 damage, and have 17/40 hp.
You closely miss the orc wizard.
The orc wizard hits you with a hand axe.
The orc closely misses you.
You take 2 damage, and have 15/40 hp.
You barely miss the orc wizard.
The orc wizard hits you with a hand axe.
The orc hits you with a club.
* * * LOW HITPOINT WARNING * * *
The orc wizard hits you with a hand axe.
* * * LOW HITPOINT WARNING * * *
The orc barely misses you.
You take 8 damage, and have 7/40 hp.
You barely miss the orc wizard. The orc wizard completely misses you.
The orc wizard hits you with a hand axe.
* * * LOW HITPOINT WARNING * * *
The orc hits you with a club.
* * * LOW HITPOINT WARNING * * *
You take 6 damage, and have 1/40 hp.
A red film seems to cover your vision as you go berserk!
You feel yourself moving faster!
You feel mighty!
You are feeling hungry.
The orc wizard hits you with a hand axe!
You die...

..........##............#
###.####..####.......)....#
.........####.............
##..#.#...................
.....#...###........#####
#.#..##..# #...##.#)#
#........# #......#.#
########.######.###.#####
......o@o)..............
##########.########.##..
########.# #...#..
####........# #.8.#..
............# #...#..
.....!†..).S# ##.##..
.####.)#....# #.##.#
#..#.#### #.##.# #.....
...###


You could see an orc wizard and an orc.

Vanquished Creatures
  An adder (D:2)
  An ooze (D:2)
  A dart slug (D:2)
  3 orcs (D:2)
  4 bats (D:2)
  3 goblins (D:2)
  8 hobgoblins
  2 jackals (D:2)
  A ball python (D:2)
  3 frilled lizards
  5 rats
32 creatures vanquished.

Notes
Turn   | Place    | Note
-------+----------+-------------------------------------------
     0 | D:1      | Firecrotchwizard the Ogre Berserker began the quest for the Orb.
     0 | D:1      | Reached XP level 1. HP: 24/24 MP: 1/1
   457 | D:1      | Reached XP level 2. HP: 29/32 MP: 2/2
   530 | D:1      | Reached skill level 3 in Maces & Flails
  1105 | D:2      | Reached skill level 3 in Dodging
  1105 | D:2      | Reached XP level 3. HP: 34/40 MP: 3/3
  1419 | D:2      | Reached ** piety under Trog
  1501 | D:2      | HP: 9/40 [orc/club (4)]
  1502 | D:2      | HP: 3/40 [orc wizard/hand axe (4)]
  1502 | D:2      | HP: 1/40 [orc/club (2)]
  1503 | D:2      | Mangled by an orc wizard

Vault maps used:
D:1:      lightli_arrival_windingriver
D:2:      elyvilon_altar_1, minmay_nonomino_d4, uniq_sigmund

Skill      XL: |  1  2 |
---------------+-------+-----
Maces & Flails | 3 |  3.5
Dodging        | 3 |  3.1
Fighting       | |  4.6

Action                   || total
-------------------------++-------
Melee: Mace              ||    87
       Flail             ||    16
Invok: Berserk           ||     1
  Eat: Chunk             ||     2
Armor: Animal skin       ||    25
Dodge: Dodged            ||    59

Table legend:
 A = Spawn XP
 B = Non-spawn XP
 C = Spawn XP percentage of total XP
 D = Spawn monster count
 E = Non-spawn monster count
 F = Spawn count percentage of total count
 G = Total turns spent on level
                    A         B        C        D         E        F      G
               +---------+---------+-------+---------+---------+-------+---------
         Total |       0 |      74 |   0.0 |       0 |      32 |   0.0 |  1503
               +---------+---------+-------+---------+---------+-------+---------
           D:1 |       0 |      13 |   0.0 |       0 |       9 |   0.0 |   808
           D:2 |       0 |      61 |   0.0 |       0 |      23 |   0.0 |   695
               +---------+---------+-------+---------+---------+-------+---------

Vault maps used:
D:1:      lightli_arrival_windingriver
D:2:      elyvilon_altar_1, minmay_nonomino_d4, uniq_sigmund

Table legend:
 A = Turns spent in this place as a percentage of turns spent in the entire game.
 B = Non-inter-level travel turns spent in this place as a percentage of non-inter-level travel turns spent in the entire game.
 C = Inter-level travel turns spent in this place as a percentage of turns spent in this place.
 D = Turns resting spent in this place as a percentage of non-inter-level travel turns spent in this place.
 E = Turns spent auto-exploring this place as a percentage of non-inter-level travel turns spent in this place.
 F = Non-inter-level travel turns spent in this place divided by the number of levels of this place that you've seen.
                   A       B       C       D       E      F
               +-------+-------+-------+-------+-------+----------------------
         Total | 100.0 | 100.0 |   2.7 |  25.5 |  59.6 | 731.0
       Dungeon | 100.0 | 100.0 |   2.7 |  25.5 |  59.6 | 731.0
               +-------+-------+-------+-------+-------+----------------------

Table legend:
 A = Kills in this place as a percentage of kills in entire the game.
 B = Kills by you in this place as a percentage of kills by you in the entire game.
 C = Kills by friends in this place as a percentage of kills by friends in the entire game.
 D = Other kills in this place as a percentage of other kills in the entire game.
 E = Experience gained in this place as a percentage of experience gained in the entire game.
 F = Experience gained in this place divided by the number of levels of this place that you have seen.
                   A       B       C       D       E      F
               +-------+-------+-------+-------+-------+----------------------
         Total | 100.0 | 100.0 |   N/A |   N/A | 100.0 |  37.0
       Dungeon | 100.0 | 100.0 |   N/A |   N/A | 100.0 |  37.0
               +-------+-------+-------+-------+-------+----------------------
